 Dungeon Crawl Stone Soup version 0.20-a0-738-gb057e68 (webtiles) character file.

2443 Alarkh the Carver (level 9, -2/71 HPs)
             Began as a Demonspawn Monk on Feb 23, 2017.
             Slain by a hippogriff (5 damage)
             ... on level 7 of the Dungeon.
             The game lasted 00:27:16 (12989 turns).

Alarkh the Carver (Demonspawn Monk)                Turns: 12989, Time: 00:27:17

Health: -2/71      AC:  8    Str: 11    XL:     9   Next: 25%
Magic:  9/9        EV: 14    Int: 16    God:
Gold:   335        SH:  0    Dex: 15    Spells: 8/8 levels left

rFire    + . .     SeeInvis +   a - +0 falchion
rCold    . . .     Gourm    .   x - +0 ring mail (curse)
rNeg     . . .     Faith    .   (no shield)
rPois    .         Spirit   .   y - +0 helmet
rElec    .         Reflect  .   (no cloak)
rCorr    .         Harm     .   p - +1 pair of gloves
MR       .....                  (no boots)
Stlth    +.........             (no amulet)
Regen    0.3/turn               t - ring of wizardry
MPRegen  0.2/turn               h - ring of see invisible

@: no status effects
A: fire resistance 1, powered by death 1, flame cloud immunity
a: no special abilities


You were on level 7 of the Dungeon.
You were hungry.

You visited 3 branches of the dungeon, and saw 11 of its levels.
You also visited: Sewer.

You collected 335 gold pieces.

Inventory:

Hand Weapons
 a - a +0 falchion (weapon)
Armour
 p - a +1 pair of gloves (worn)
 x - a cursed +0 ring mail (worn)
 y - a +0 helmet (worn)
Magical Staves
 f - an uncursed staff of death
Jewellery
 h - a ring of see invisible (left hand)
 t - a ring of wizardry (right hand)
Scrolls
 b - a scroll of fog
 i - a scroll of acquirement {unknown}
 j - 2 scrolls of amnesia
 l - 2 scrolls of enchant armour
 m - a scroll of magic mapping {unknown}
 o - a scroll of noise {unknown}
 r - a scroll of random uselessness {unknown}
 s - a scroll of remove curse
 B - 2 scrolls of recharging {unknown}
 C - a scroll of enchant weapon {unknown}
Potions
 k - a potion of brilliance
 A - a potion of flight
Comestibles
 c - 5 bread rations
 d - 3 meat rations
 g - 5 chunks of flesh
 u - a royal jelly


   Skills:
 + Level 6.7 Fighting
 * Level 8.8 Long Blades
 + Level 6.3 Dodging
 - Level 1.7 Stealth


You had 8 spell levels left.
You didn't know any spells.

Dungeon Overview and Level Annotations

Branches:
Dungeon (9/15)             Temple (1/1) D:7            Lair (1/6) D:8
    Orc: D:9-12

Altars:
Ashenzari
Cheibriados
Dithmenos
Elyvilon
Fedhas
Gozag
Kikubaaqudgha
Makhleb
Nemelex Xobeh
Ru
Sif Muna
Trog
Vehumet
Wu Jian
Xom
Yredelemnul
The Shining One

Shops:
D:7 (

Annotations:
D:3 1 runed door
D:7 Pikel


Innate Abilities, Weirdness & Mutations

Your flesh is heat resistant. (rF+)
You regenerate a little health from kills.
You are immune to clouds of flame.


Message History

The hippogriff pecks you but does no damage.
The hippogriff claws you.
* * * LOW HITPOINT WARNING * * *
You hit the hippogriff but do no damage.
The hippogriff is severely wounded.
The hippogriff misses you. The hippogriff pecks you.
* * * LOW HITPOINT WARNING * * *
The hippogriff claws you but does no damage.
You hit the hippogriff but do no damage.
The hippogriff is severely wounded.
The hippogriff bites you.
* * * LOW HITPOINT WARNING * * *
The hippogriff misses you.
The hippogriff claws you but does no damage.
Unknown command.
As you read the scroll labeled LIBRUL ZUWAHE, it crumbles to dust.
It is a scroll of enchant armour.
Your +0 pair of gloves glows green for a moment.
The hippogriff bites you.
You die...

##.######.. #.# #.. #.#
#.. #.# #..
###############.# #..
#.........#.....######..
#.........#.............
#.....§§..#.##..#####...
#####..@................
#.H§.#####..###.#...
#....#####..# #.#...
#...........# #.#...
#######....#####.####.#...
#..........# #........∩.
#.######...# ######.....
#.# #...##########.....
#.# ####..................


You could see a hippogriff.

Vanquished Creatures
  An orc warrior (D:7)
  A phantom (D:3)
  An ogre (D:7)
  2 sky beasts
  2 centaurs
  8 bullfrogs
  2 water moccasin skeletons (D:7)
  A scorpion (D:4)
  A howler monkey (D:7)
  A bullfrog zombie (D:5)
  2 jellies
  A centaur zombie (D:5)
  4 hounds
  7 orc wizards
  An iguana (D:4)
  7 worker ants
  A hound zombie (D:5)
  2 hound skeletons (D:4)
  10 gnolls
  14 adders
  3 shadow imps
  2 oozes
  2 adder skeletons
  An adder zombie (D:6)
  4 worms
  3 dart slugs
  4 leopard geckos
  28 orcs
  5 ball pythons
  18 giant cockroaches
  9 goblins
  16 hobgoblins
  13 jackals
  8 kobolds
  6 quokkas
  5 bats
  11 frilled lizards
  2 quokka skeletons
  13 rats
222 creatures vanquished.

Notes
Turn   | Place    | Note
-------+----------+-------------------------------------------
     0 | D:1      | Alarkh the Demonspawn Monk began the quest for the Orb.
     0 | D:1      | Reached XP level 1. HP: 18/18 MP: 1/1
    90 | D:1      | Reached skill level 3 in Long Blades
   103 | D:1      | Gained mutation: Your flesh is heat resistant. (rF+) [demonic ancestry]
   103 | D:1      | Reached XP level 2. HP: 21/24 MP: 2/2
   858 | D:1      | Gained mutation: You regenerate a little health from kills. [demonic ancestry]
   858 | D:1      | Reached XP level 3. HP: 16/29 MP: 3/3
  1855 | D:2      | Reached XP level 4. HP: 18/35 MP: 4/4
  1930 | D:3      | Found a glowing drain.
  2020 | Sewer    | Entered a sewer
  2375 | Sewer    | Reached skill level 4 in Long Blades
  2547 | Sewer    | Noticed a bullfrog
  2548 | Sewer    | Noticed a bullfrog
  2568 | Sewer    | Killed a bullfrog
  2568 | Sewer    | Reached XP level 5. HP: 30/41 MP: 5/5
  3044 | D:2      | Reached XP level 6. HP: 48/48 MP: 6/6
  3308 | D:2      | Reached skill level 5 in Long Blades
  3784 | D:5      | Entered Level 5 of the Dungeon
  4317 | D:5      | Found an opulent altar of Gozag.
  5522 | D:3      | Found a runed door.
  5763 | D:3      | Reached XP level 7. HP: 51/55 MP: 7/7
  7175 | D:3      | Reached skill level 6 in Long Blades
  8091 | D:5      | Reached skill level 5 in Fighting
  8416 | D:4      | Reached skill level 5 in Dodging
  8416 | D:4      | Gained mutation: You are immune to clouds of flame. [demonic ancestry]
  8416 | D:4      | Reached XP level 8. HP: 40/62 MP: 8/8
  9092 | D:5      | Reached skill level 7 in Long Blades
  9735 | D:6      | Found a bloodstained altar of Trog.
  9853 | D:6      | Found a sacrificial altar of Ru.
 11130 | D:7      | Noticed Pikel
 11184 | D:8      | Found a staircase to the Lair.
 11249 | Lair:1   | Entered Level 1 of the Lair of Beasts
 11348 | D:7      | Reached skill level 8 in Long Blades
 11361 | D:7      | Found a staircase to the Ecumenical Temple.
 11388 | Temple   | Entered the Ecumenical Temple
 12022 | D:7      | Reached XP level 9. HP: 57/70 MP: 9/9
 12117 | D:7      | Found a sparkling altar of Nemelex Xobeh.
 12127 | D:7      | Found Ceulaasi's Weapon Shoppe.
 12988 | D:7      | HP: 3/71 [hippogriff (1)]
 12989 | D:7      | Slain by a hippogriff

Vault maps used:
D:1:      minmay_arrival_stair_chambers
D:3:      gup_sewer_entry_glass, uniq_crazy_yiuf_cottage
D:4:      first_bread
D:5:      grunt_gozag_statues
D:6:      bloody_trog, hangedman_ru_absence
D:7:      temple_pool_b, serial_shops, shop, basic_altar, uniq_pikel
D:8:      lair_entry_dummy, hangedman_pestilent_swarm
D:9:      minitemple, serial_shops, kennysheep_mini
Temple:   dpeg_chambers_temple
Lair:1:   nicolae_quartered_pool_medium, uniq_erica
Sewer:    sewer_frog_island_01

Skill      XL: |  1  2  3  4  5  6  7  8 |
---------------+-------------------------+-----
Long Blades    | 3 4 5 6 8 |  8.8
Dodging        | 3 4 5 6 |  6.3
Fighting       | 4 5 6 |  6.7
Stealth        | |  1.7

Action                   |  1- 3 |  4- 6 |  7- 9 || total
-------------------------+-------+-------+-------++-------
Melee: Falchion          |   133 |   424 |   721 ||  1278
       Dagger            |    35 |       |       ||    35
Evoke: Wand              |       |       |     7 ||     7
  Use: Scroll            |     2 |     6 |    11 ||    19
       Potion            |       |     2 |     5 ||     7
 Stab: Sleeping          |     6 |       |     1 ||     7
  Eat: Chunk             |     3 |     9 |    14 ||    26
       Bread ration      |       |     1 |       ||     1
       Meat ration       |       |       |     2 ||     2
Armor: Robe              |    19 |       |       ||    19
       Ring mail         |    15 |   128 |   213 ||   356
       Skin              |       |    38 |       ||    38
Dodge: Dodged            |   125 |   283 |   421 ||   829
       Rpst.: Falchion   |    26 |    91 |   116 ||   233
